 Dungeon Crawl Stone Soup version 0.21.1-1-g345015fe64 (webtiles) character file.

2504 RUZZLEFAZAZZLE the Shield-Bearer (level 9, -2/66 HPs)
             Began as a Gnoll Fighter on July 8, 2018.
             Was a Believer of Okawaru.
             Slain by a wolf (4 damage)
             ... led by Grum
             ... on level 9 of the Dungeon.
             The game lasted 00:15:12 (4799 turns).

RUZZLEFAZAZZLE the Shield-Bearer (Gnoll Fighter)    Turns: 4799, Time: 00:15:13

Health: -2/66      AC:  9    Str: 22    XL:     9   Next: 53%
Magic:  0/15       EV: 13    Int: 13    God:    Okawaru [**....]
Gold:   295        SH: 11    Dex: 16    Spells: 16/16 levels left

rFire    . . .     SeeInvis .   a - +1 war axe
rCold    . . .     Gourm    .   c - +0 shield
rNeg     . . .     Faith    .   e - +1 acid dragon scales
rPois    .         Spirit   +   (no helmet)
rElec    .         Reflect  .   (no cloak)
rCorr    +         Harm     .   (no gloves)
MR       .....                  (no boots)
Stlth    +++.......             q - amulet of guardian spirit
HPRegen  0.21/turn              h - ring of wizardry
MPRegen  0.14/turn              s - ring of wizardry

@: very slightly contaminated, invisible
A: distributed training, fangs 1, thin skeletal structure 1, blink, clever 1,
frail 1, strong nose
a: Blink, Heroism, Renounce Religion


You were on level 9 of the Dungeon.
You worshipped Okawaru.
Okawaru was pleased with you.
You were not hungry.

You visited 2 branches of the dungeon, and saw 8 of its levels.

You collected 295 gold pieces.

Inventory:

Hand Weapons
 a - a +1 war axe (weapon)
Armour
 c - a +0 shield (worn)
 e - +1 acid dragon scales (worn)
Jewellery
 h - a ring of wizardry (left hand)
 q - an amulet of guardian spirit (around neck)
 s - a ring of wizardry (right hand)
Wands
 d - a wand of paralysis (8)
Scrolls
 g - 5 scrolls of identify
 i - 7 scrolls of remove curse
 j - 2 scrolls of enchant weapon
 k - a scroll of enchant armour
 l - a scroll of fog
 p - 3 scrolls of magic mapping
Potions
 m - 2 potions of lignification
Comestibles
 f - 11 rations
 u - 11 chunks of flesh


   Skills:
 + Level 7.9 Fighting
 + Level 4.2 Short Blades
 + Level 4.2 Long Blades
 + Level 6.3 Axes
 + Level 4.2 Maces & Flails
 + Level 4.2 Polearms
 + Level 4.2 Staves
 + Level 4.2 Slings
 + Level 4.2 Bows
 + Level 4.2 Crossbows
 + Level 4.2 Throwing
 + Level 7.9 Armour
 + Level 4.2 Dodging
 + Level 4.2 Stealth
 + Level 7.9 Shields
 + Level 4.2 Unarmed Combat
 + Level 4.2 Spellcasting
 + Level 3.5 Conjurations
 + Level 3.5 Hexes
 + Level 3.5 Charms
 + Level 3.5 Summonings
 + Level 3.5 Necromancy
 + Level 3.5 Translocations
 + Level 3.5 Transmutations
 + Level 3.5 Fire Magic
 + Level 3.5 Ice Magic
 + Level 3.5 Air Magic
 + Level 3.5 Earth Magic
 + Level 3.5 Poison Magic
 + Level 4.7 Invocations
 + Level 4.2 Evocations


You had 16 spell levels left.
You didn't know any spells.

Dungeon Overview and Level Annotations

Branches:
Dungeon (6/15)             Temple (1/1) D:5            Lair (0/6) D:9
    Orc (0/2) D:9

Altars:
Cheibriados
Dithmenos
Elyvilon
Fedhas
Gozag
Hepliaklqana
Kikubaaqudgha
Makhleb
Nemelex Xobeh
Okawaru
Ru
Sif Muna
Trog
Uskayaw
Xom
Yredelemnul
Zin
The Shining One

Shops:
D:9 [

Annotations:
D:9 Grum


Innate Abilities, Weirdness & Mutations

Your experience applies equally to all skills.
You have very sharp teeth.
Your uncanny sense of smell can sniff out nearby items.
You have a somewhat thin skeletal structure. (Dex +2, Stealth)
You can translocate small distances at will.
Your mind is acute. (Int +2)
You are frail. (-10% HP)


Message History

The magic dart hits you!
* * * LOW HITPOINT WARNING * * *
You block the wolf's attack. You block the wolf's attack. x3
The orc wizard points at you and mumbles some strange words.
The magic dart hits you! The wolf bites you but does no damage.
The wolf barely misses you. Grum hits you from afar with a spear.
* * * LOW HITPOINT WARNING * * *
The wolf bites you.
* * * LOW HITPOINT WARNING * * *
You block the wolf's attack. x2
The wolf bites you!
* * * LOW HITPOINT WARNING * * *
You see here a scroll of identify.
You fade further into invisibility.
The wolf bites you but does no damage. The wolf closely misses you.
The wolf misses you. You block the wolf's attack.
You block the wolf's attack. x2; The wolf closely misses you.
The wolf bites you.
You die...

*********** #########**
*,,,,,,,,,* #........,*
*,,,,,,,..##**#........,*
*,,,,,,,.....##.........*
*,,,,,,,,,*#..'.........*
*,,,,,,,,,****#@h.......*******
*,,,,,,,,,* #h........+,,,,,*
*,,,,,,,,,* #gh.......*****,**
*,,,,,,,,,* #.....(...* *,,,
*,,,,,,,,,* #o........* ****
*,,,,,,,,,* #.........* *
*,,,,,,,,,* #.........*
******,**** ##'#######* *,* #.#


You could see Grum, 3 wolves and an orc wizard (wandering).

Vanquished Creatures
  A two-headed ogre (D:6)
  Grinder (D:3)
  A yak (D:9)
  4 porcupines (D:9)
  A phantom (D:6)
  A centaur (D:5)
  2 crocodiles (D:9)
  A bullfrog (D:9)
  A scorpion (D:5)
  A bullfrog zombie (D:5)
  3 hounds
  A centaur skeleton (D:5)
  2 orc wizards (D:4)
  Natasha (thrice) (D:2)
  2 iguanas
  5 worker ants
  A worker ant zombie (D:6)
  9 adders
  3 gnolls (D:4)
  A howler monkey skeleton (D:6)
  A shadow imp (D:5)
  An ooze (D:2)
  4 worms
  2 dart slugs
  5 leopard geckos
  15 orcs
  9 bats
  4 giant cockroaches
  8 goblins
  7 hobgoblins
  9 jackals
  8 kobolds
  2 quokkas
  A ball python (D:1)
  3 frilled lizards
  A giant cockroach zombie (D:6)
  11 rats
135 creatures vanquished.

Vanquished Creatures (others)
  A fungus (D:9)
  2 plants (D:9)
3 creatures vanquished.

Grand Total: 138 creatures vanquished

Notes
Turn   | Place    | Note
-------+----------+-------------------------------------------
     0 | D:1      | RUZZLEFAZAZZLE the Gnoll Fighter began the quest for the Orb.
     0 | D:1      | Reached XP level 1. HP: 23/23 MP: 1/1
   152 | D:1      | Reached XP level 2. HP: 29/29 MP: 2/2
   549 | D:2      | Reached XP level 3. HP: 35/35 MP: 3/3
   558 | D:2      | Reached skill level 1 in Invocations
   641 | D:2      | Reached skill level 1 in Short Blades
   641 | D:2      | Reached skill level 1 in Long Blades
   641 | D:2      | Reached skill level 1 in Maces & Flails
   641 | D:2      | Reached skill level 1 in Polearms
   641 | D:2      | Reached skill level 1 in Staves
   641 | D:2      | Reached skill level 1 in Slings
   641 | D:2      | Reached skill level 1 in Bows
   641 | D:2      | Reached skill level 1 in Crossbows
   641 | D:2      | Reached skill level 1 in Throwing
   641 | D:2      | Reached skill level 1 in Dodging
   641 | D:2      | Reached skill level 1 in Stealth
   641 | D:2      | Reached skill level 1 in Unarmed Combat
   641 | D:2      | Reached skill level 1 in Spellcasting
   641 | D:2      | Reached skill level 1 in Evocations
   641 | D:2      | Reached XP level 4. HP: 41/41 MP: 5/5
   669 | D:2      | Found a hide-covered altar of Uskayaw.
   791 | D:2      | Reached skill level 1 in Conjurations
   791 | D:2      | Reached skill level 1 in Hexes
   791 | D:2      | Reached skill level 1 in Charms
   791 | D:2      | Reached skill level 1 in Summonings
   791 | D:2      | Reached skill level 1 in Necromancy
   791 | D:2      | Reached skill level 1 in Translocations
   791 | D:2      | Reached skill level 1 in Transmutations
   791 | D:2      | Reached skill level 1 in Fire Magic
   791 | D:2      | Reached skill level 1 in Ice Magic
   791 | D:2      | Reached skill level 1 in Air Magic
   791 | D:2      | Reached skill level 1 in Earth Magic
   791 | D:2      | Reached skill level 1 in Poison Magic
  1131 | D:2      | Reached XP level 5. HP: 42/47 MP: 6/6
  1141 | D:2      | Noticed Natasha
  1148 | D:2      | Killed Natasha
  1210 | D:2      | Noticed Natasha
  1220 | D:2      | Killed Natasha
  1445 | D:2      | Noticed Natasha
  1449 | D:2      | Killed Natasha
  1700 | D:3      | Reached XP level 6. HP: 53/53 MP: 8/8
  1753 | D:3      | Noticed Grinder
  1754 | D:3      | Paralysed by Grinder for 7 turns
  1763 | D:3      | Paralysed by Grinder for 6 turns
  1770 | D:3      | Killed Grinder
  1770 | D:3      | Reached skill level 5 in Axes
  2197 | D:3      | Reached XP level 7. HP: 59/59 MP: 10/10
  2424 | D:3      | You fall through a shaft!
  3071 | D:4      | Found a glowing golden altar of the Shining One.
  3289 | D:5      | Entered Level 5 of the Dungeon
  3290 | D:5      | Found a staircase to the Ecumenical Temple.
  3300 | Temple   | Entered the Ecumenical Temple
  3309 | Temple   | Became a worshipper of Warmaster Okawaru
  3881 | D:5      | Reached XP level 8. HP: 56/67 MP: 12/12
  4646 | D:6      | Gained mutation: You have a somewhat thin skeletal structure. (Dex +2, Stealth) [potion of mutation]
  4646 | D:6      | Gained mutation: You can translocate small distances at will. [potion of mutation]
  4646 | D:6      | Gained mutation: You are frail. (-10% HP) [potion of mutation]
  4646 | D:6      | Gained mutation: Your mind is acute. (Int +2) [potion of mutation]
  4694 | D:6      | Noticed a two-headed ogre
  4703 | D:6      | Killed a two-headed ogre
  4703 | D:6      | Reached * piety under Okawaru
  4703 | D:6      | Reached XP level 9. HP: 45/64 MP: 5/14
  4719 | D:6      | You fall through a shaft for 3 floors!
  4742 | D:9      | Reached ** piety under Okawaru
  4773 | D:9      | Found a staircase to the Lair.
  4779 | D:9      | Found Raleu's Antique Armour Shop.
  4791 | D:9      | Noticed Grum
  4796 | D:9      | HP: 1/66 [wolf[Grum] (5)]
  4799 | D:9      | Slain by a wolf

Skill      XL: |  1  2  3  4  5  6  7  8  9 |
---------------+----------------------------+-----
Invocations    | 1 2 3 4 |  4.7
Short Blades   | 1 2 3 4 |  4.2
Long Blades    | 1 2 3 4 |  4.2
Maces & Flails | 1 2 3 4 |  4.2
Polearms       | 1 2 3 4 |  4.2
Staves         | 1 2 3 4 |  4.2
Slings         | 1 2 3 4 |  4.2
Bows           | 1 2 3 4 |  4.2
Crossbows      | 1 2 3 4 |  4.2
Throwing       | 1 2 3 4 |  4.2
Dodging        | 1 2 3 4 |  4.2
Stealth        | 1 2 3 4 |  4.2
Unarmed Combat | 1 2 3 4 |  4.2
Spellcasting   | 1 2 3 4 |  4.2
Evocations     | 1 2 3 4 |  4.2
Conjurations   | 1 2 3 |  3.5
Hexes          | 1 2 3 |  3.5
Charms         | 1 2 3 |  3.5
Summonings     | 1 2 3 |  3.5
Necromancy     | 1 2 3 |  3.5
Translocations | 1 2 3 |  3.5
Transmutations | 1 2 3 |  3.5
Fire Magic     | 1 2 3 |  3.5
Ice Magic      | 1 2 3 |  3.5
Air Magic      | 1 2 3 |  3.5
Earth Magic    | 1 2 3 |  3.5
Poison Magic   | 1 2 3 |  3.5
Axes           | 5 6 |  6.3
Fighting       | 7 |  7.9
Armour         | 7 |  7.9
Shields        | 7 |  7.9

Action                   |  1- 3 |  4- 6 |  7- 9 || total
-------------------------+-------+-------+-------++-------
Melee: War axe           |    60 |   144 |   221 ||   425
       Bite              |     3 |    14 |    30 ||    47
  Use: Potion            |       |     1 |     7 ||     8
       Scroll            |       |       |    11 ||    11
 Stab: Sleeping          |       |     5 |     8 ||    13
       Invisible         |       |       |     3 ||     3
  Eat: Chunk             |       |     1 |     5 ||     6
       Ration            |       |     1 |     1 ||     2
Armor: Acid dragon scale |    16 |    31 |    46 ||    93
       Skin              |       |       |    51 ||    51
Dodge: Dodged            |    19 |    52 |   108 ||   179
Block: Shield            |    35 |    81 |   161 ||   277
